 Dungeon Crawl Stone Soup version 0.17-a0-1037-gbf358b4 (webtiles) character file.

275 hornqvist the Cudgeler (level 6, -1/33 HPs)
             Began as a Vine Stalker Fighter on May 14, 2015.
             Slain by a quokka (2 damage)
             ... on level 4 of the Dungeon.
             The game lasted 00:02:35 (2559 turns).

hornqvist the Cudgeler (Vine Stalker Fighter)       Turns: 2559, Time: 00:02:35

Health: -1/33      AC: 10    Str: 20    XL:     6   Next: 24%
Magic:  0/7        EV:  5    Int:  8    God:
Gold:   180        SH:  9    Dex: 14    Spells: 0 memorised, 5 levels left

rFire  . . .     SeeInvis .     a - +0 flail
rCold  . . .     Clarity  .     g - +0 chain mail
rNeg   . . .     SustAb   .     c - +0 shield
rPois  .         Gourm    .     l - +0 helmet
rElec  .         Spirit   +     (no cloak)
rCorr  .         Warding  .     (no gloves)
rMut   .         Stasis   .     (no boots)
MR     .....                    (no amulet)
Stlth  ..........               (no ring)
                                (no ring)

@: not resistant to hostile enchantments, extremely unstealthy
A: fangs 2, regeneration 2, magic shield, antimagic bite, no device heal 3, rot
immunity
a: no special abilities


You were on level 4 of the Dungeon.
You were not hungry.

You visited 1 branch of the dungeon, and saw 4 of its levels.

You collected 180 gold pieces.

Inventory:

Hand weapons
 a - a +0 flail (weapon)
Armour
 c - a +0 shield (worn)
 g - a +0 chain mail (worn)
 l - a +0 helmet (worn)
Scrolls
 f - a scroll of random uselessness {unknown}
 j - 6 scrolls of identify {unknown}
 k - a scroll of blinking {unknown}
 m - 5 scrolls of remove curse
 n - 2 scrolls of amnesia
 x - a scroll of enchant weapon {unknown}
Potions
 b - a potion of heal wounds {unknown}
 d - 2 potions of might
 o - 2 potions of haste {unknown}
 p - a potion of resistance {unknown}
 q - a potion of agility {unknown}
 r - a potion of cancellation {unknown}
 t - a potion of ambrosia {unknown}
 u - a potion of flight {unknown}
 w - a potion of berserk rage {unknown}
Comestibles
 e - 2 bread rations
 h - 4 meat rations
 i - 5 fruits
 s - 4 chunks of flesh
 v - a beef jerky


   Skills:
 + Level 3.7 Fighting
 * Level 4.3 Maces & Flails
 + Level 3.5 Armour
 - Level 2.6 Shields


You had 5 spell levels left.
You didn't know any spells.

Dungeon Overview and Level Annotations

Branches:
Dungeon (4/15)
 Temple: D:4-7

Altars:
Kikubaaqudgha
Okawaru
Sif Muna
Xom


Innate Abilities, Weirdness & Mutations

You have extremely sharp teeth.
You heal very quickly.
When hurt, damage is shared between your health and your magic reserves.
Your bite disrupts and absorbs the magic of your enemies.
Potions and wands cannot restore your health.
You are immune to rotting.


Message History

You take 2 damage, and have 13/33 hp.
Your shield prevents you from hitting the ogre.
You bite the ogre. You drain its power.
You feel invigorated.
The quokka twitches its whiskers.
You block the quokka's attack. The rat bites you but does no damage.
The ogre hits you with a giant club.
* * * LOW HITPOINT WARNING * * *
The quokka barely misses you.
You take 2 damage, and have 11/33 hp.
You regained 4 mp, and now have 6/7 mp.
You closely miss the ogre. You block the rat's attack.
The quokka bites you but does no damage.
The ogre hits you with a giant club.
* * * LOW HITPOINT WARNING * * *
You take 1 damage, and have 10/33 hp.
You hit the ogre. Your bite misses the ogre. You block the rat's attack.
The quokka bites you but does no damage.
The ogre hits you with a giant club!
* * * LOW HITPOINT WARNING * * *
The quokka bites you.
You die...

.....#### ## ##
#......##### #. .
#......... #. .
#.....)... ##.#.
##......... # #...####
#..........
##..#......#.#..#.......
......Orr....#..#.......
########@######..#.######
..........._.....#.#
########.####.##.###
######.####....#
#............#.#
#.#####.####.#.# # #<#
#.# .#.# # #.# #.# .#.# #
#.## #.# .# #


You could see an ogre, a quokka and a rat.

Vanquished Creatures
  An orc priest (D:3)
  A hound (D:4)
  Jessica (D:2)
  A worker ant (D:3)
  Robin (D:2)
  5 adders
  An ooze (D:1)
  2 worms
  5 orcs (D:3)
  A ball python (D:4)
  6 giant cockroaches
  18 goblins
  10 hobgoblins
  8 jackals
  A quokka (D:2)
  8 bats
  5 giant geckos
  4 giant newts
  7 kobolds
  9 rats
95 creatures vanquished.

Notes
Turn   | Place    | Note
--------------------------------------------------------------
     0 | D:1      | hornqvist the Vine Stalker Fighter began the quest for the Orb.
     0 | D:1      | Reached XP level 1. HP: 11/11 MP: 2/2
    86 | D:1      | Reached XP level 2. HP: 16/16 MP: 3/3
   120 | D:1      | Reached skill level 3 in Fighting
   369 | D:1      | Reached XP level 3. HP: 15/20 MP: 4/4
   836 | D:2      | Found a deep blue altar of Sif Muna.
   879 | D:2      | Noticed Robin
   884 | D:2      | Killed Robin
   884 | D:2      | Reached XP level 4. HP: 24/24 MP: 5/5
   889 | D:2      | Noticed Jessica
   893 | D:2      | Killed Jessica
  1612 | D:2      | Reached XP level 5. HP: 28/28 MP: 6/6
  1786 | D:3      | Found an ancient bone altar of Kikubaaqudgha.
  1922 | D:3      | Found an iron altar of Okawaru.
  1968 | D:3      | Reached skill level 4 in Maces & Flails
  2151 | D:3      | Gained mutation: You heal very quickly. [Vine Stalker growth]
  2151 | D:3      | Reached XP level 6. HP: 32/32 MP: 7/7
  2461 | D:4      | Found a shimmering altar of Xom.
  2559 | D:4      | HP: 1/33 [ogre/giant club (10)]
  2559 | D:4      | Slain by a quokka

Vault maps used:
D:1:      dpeg_arrival_rooms_c
D:2:      lemuel_blue_sif_altar, first_bread, serial_park_tiny_1, uniq_jessica,
          uniq_robin
D:3:      lemuel_round_altar, overflow_temple_1_default
D:4:      overflow_temple_1_default, nicolae_ru_path_of_blood

Action                   |  1- 3 |  4- 6 || total
-------------------------+-------+-------++-------
Melee: Flail             |    83 |   180 ||   263
  Use: Scroll            |       |     3 ||     3
  Eat: Chunk             |       |     6 ||     6
